 Dungeon Crawl Stone Soup version 0.24.0-13-gcf9b319 (webtiles) character file.

Game seed: 5605384872540442439, levelgen mode: deterministic

1192 Fang the Skirmisher (level 8, -3/76 HPs)
             Began as a Gargoyle Berserker on Dec 10, 2019.
             Was an Elder of Trog.
             Splashed by Pikel's acid (11 damage)
             ... on level 6 of the Dungeon.
             The game lasted 00:05:40 (5339 turns).

Fang the Skirmisher (Gargoyle Berserker)            Turns: 5339, Time: 00:05:41

Health: -3/76      AC: 15    Str: 28    XL:     8   Next: 43%
Magic:  8/8        EV: 10    Int:  8    God:    Trog [****..]
Gold:   220        SH:  0    Dex:  9    Spells: 7/7 levels left

rFire    . . .     SeeInvis .   a - +0 hand axe
rCold    . . .     Gourm    .   (no shield)
rNeg     + . .     Faith    .   b - +0 chain mail
rPois    ∞         Spirit   .   (no helmet)
rElec    +         Reflect  .   (no cloak)
rCorr    .         Harm     .   (no gloves)
MR       ++...                  (no boots)
Stlth    ..........             v - amulet of the acrobat
HPRegen  1.22/turn              (no ring)
MPRegen  0.11/turn              (no ring)

@: berserking, regenerating, lightly drained, very quick
A: negative energy resistance 1, electricity resistance, unbreathing,
petrification resistance, rot immunity, AC +5
a: Berserk, Trog's Hand, Brothers in Arms, Renounce Religion


You were on level 6 of the Dungeon.
You worshipped Trog.
Trog was greatly pleased with you.
You were near starving.

You visited 2 branches of the dungeon, and saw 7 of its levels.

You collected 220 gold pieces.

Inventory:

Hand Weapons
 a - a +0 hand axe (weapon)
Armour
 b - a +0 chain mail (worn)
Jewellery
 v - an amulet of the acrobat (around neck)
Wands
 n - a wand of digging (5)
Scrolls
 d - 2 scrolls of fog {unknown}
 e - 4 scrolls of remove curse
 g - 3 scrolls of teleportation {unknown}
 h - a scroll of random uselessness {unknown}
 i - 4 scrolls of enchant weapon {unknown}
 j - a scroll of enchant armour {unknown}
 l - 4 scrolls of identify {unknown}
 o - a scroll of blinking {unknown}
 t - a scroll of fear {unknown}
Potions
 f - a potion of might {unknown}
 k - 5 potions of curing {unknown}
 m - 2 potions of haste {unknown}
 p - a potion of degeneration {unknown}
 q - 2 potions of heal wounds {unknown}
 r - 4 potions of agility {unknown}
 s - a potion of berserk rage {unknown}
Comestibles
 c - 10 rations


   Skills:
 + Level 6.3(5.7) Fighting
 + Level 5.2(4.7) Axes
 + Level 5.7(5.2) Armour
 + Level 4.3(3.8) Dodging


You had 7 spell levels left.
You didn't know any spells.
Your spell library was empty.

Dungeon Overview and Level Annotations

Branches:
Dungeon (6/15)             Temple (1/1) D:5

Altars:
Elyvilon
Uskayaw
Vehumet
Xom
Yredelemnul

Annotations:
D:6 1 runed translucent door, Pikel; Sweetruy1997's ghost, amateur HaGl


Innate Abilities, Weirdness & Mutations

You are resistant to torment.
Your stone body is resilient. (AC +5)
You are immune to poison.
You resist negative energy. (rN+)
You are resistant to electric shocks. (rElec)
You can survive without breathing.
You are immune to petrification.
You are immune to rotting.


Message History

You hit the slave. Pikel barely misses you.
The slave hits you but does no damage.
You hit Pikel.
Pikel is moderately wounded.
You hit the slave. You hit Pikel.
Pikel is heavily wounded.
You barely miss the slave.
Pikel hits you with a +1 whip of electrocution.
* * * LOW HITPOINT WARNING * * *
The slave hits you but does no damage.
You slash Pikel!
Pikel is almost dead.
Your chain mail prevents you from hitting the slave.
The slave hits you.
* * * LOW HITPOINT WARNING * * *
Pikel zaps a wand.
The bolt of acid hits you.
* * * LOW HITPOINT WARNING * * *
You are splashed with acid!
You die...

.# .# ##. ##
.######### #.. .
.#.##....# #.# #.
.+(.#....####.## #p#
p#W##.......#...
#Zp#K###.....##.#.#.
#@#.##.....##.#...
#.####.#
#####........
#......# #.##.....
######.# #.##..#..
#.#######)##.....
#.##......###.#.#
#.##.####.#......
#.##.####........
#.....(.....###..


You could see Pikel, 3 slaves, a +0 long sword of chaos, Sweetruy1997's ghost
and a bullfrog skeleton.

Vanquished Creatures
  Edmund (D:6)
  A slave (D:6)
  2 ogres
  A phantom (D:6)
  A centaur (D:6)
  A bullfrog (D:6)
  A howler monkey (D:6)
  2 crimson imps
  A quasit (D:5)
  2 orc priests (D:5)
  A centaur skeleton (D:4)
  2 orc wizards (D:5)
  A bullfrog skeleton (D:4)
  An iguana (D:5)
  A hound skeleton (D:5)
  A howler monkey zombie (D:6)
  7 gnolls
  11 adders
  2 shadow imps
  An ooze (D:6)
  3 adder skeletons (D:4)
  2 adder zombies
  2 dart slugs (D:1)
  2 leopard geckos
  13 orcs
  2 ball pythons
  13 bats
  7 giant cockroaches
  7 goblins
  6 hobgoblins
  18 jackals
  3 kobolds
  A quokka (D:3)
  3 frilled lizards
  A leopard gecko zombie (D:5)
  11 rats
135 creatures vanquished.

Notes
Turn   | Place    | Note
-------+----------+-------------------------------------------
     0 | D:1      | Fang the Gargoyle Berserker began the quest for the Orb.
     0 | D:1      | Reached XP level 1. HP: 14/14 MP: 1/1
   197 | D:1      | Reached XP level 2. HP: 19/19 MP: 2/2
   403 | D:1      | Reached XP level 3. HP: 20/23 MP: 3/3
   535 | D:1      | Reached ** piety under Trog
  1015 | D:2      | Reached XP level 4. HP: 23/29 MP: 4/4
  1092 | D:2      | Reached skill level 4 in Fighting
  1696 | D:3      | Reached *** piety under Trog
  1699 | D:3      | Reached XP level 5. HP: 21/33 MP: 5/5
  1983 | D:3      | Found a radiant altar of Vehumet.
  2562 | D:3      | Found a white marble altar of Elyvilon.
  2842 | D:4      | Reached XP level 6. HP: 36/39 MP: 6/6
  3384 | D:5      | Entered Level 5 of the Dungeon
  3542 | D:5      | Reached **** piety under Trog
  3545 | D:5      | Reached skill level 5 in Fighting
  3763 | D:5      | Found a basalt altar of Yredelemnul.
  3910 | D:5      | Found a staircase to the Ecumenical Temple.
  3923 | D:5      | Reached XP level 7. HP: 38/44 MP: 7/7
  4070 | Temple   | Entered the Ecumenical Temple
  4718 | D:6      | Reached skill level 5 in Armour
  4744 | D:6      | Found a hide-covered altar of Uskayaw.
  4762 | D:6      | Reached XP level 8. HP: 43/51 MP: 8/8
  4891 | D:6      | Noticed Edmund
  4922 | D:6      | Killed Edmund
  4922 | D:6      | Reached skill level 6 in Fighting
  4922 | D:6      | Reached skill level 5 in Axes
  5318 | D:6      | Found a runed translucent door.
  5318 | D:6      | Found a shimmering altar of Xom.
  5318 | D:6      | Noticed Sweetruy1997's ghost (amateur HaGl)
  5318 | D:6      | Noticed a +0 long sword of chaos
  5328 | D:6      | Noticed Pikel
  5339 | D:6      | Splashed by Pikel's acid

Levels and vault maps discovered:
D:1:      dpeg_arrival_lava_altar, layout_basic, minmay_misc_feat_secret_circle
D:2:      layout_basic, grunt_ministairs_5
D:3:      layout_loops_corners, vehumet_crystals,
          nicolae_overflow_hidden_temple, first_ration
D:4:      layout_basic, serial_forest, infiniplex_forest_clump_small,
          infiniplex_forest_clump_small, infiniplex_forest_clump_cross,
          infiniplex_forest_split, infiniplex_forest_join,
          infiniplex_forest_clump_diagonal, infiniplex_forest_straight_2,
          infiniplex_forest_lined_room_2
D:5:      layout_basic, minmay_temple_entry_glass, yredelemnul_altar_generic
D:6:      layout_loops_cross, overflow_temple_1_default, ebering_ghost_xom,
          uniq_edmund, uniq_pikel
Temple:   eino_temple_scatter_basement

Skill      XL: |  1  2  3  4  5  6  7  8 |
---------------+-------------------------+-----
Axes           | 3 4 5 |  5.2
Dodging        | 2 3 4 |  4.3
Fighting       | 4 5 6 |  6.3
Armour         | 3 4 5 |  5.7

Action                   |  1- 3 |  4- 6 |  7- 9 || total
-------------------------+-------+-------+-------++-------
Melee: Hand axe          |   138 |   339 |   301 ||   778
Invok: Berserk           |       |     5 |     2 ||     7
       Trog's Hand       |       |     1 |     1 ||     2
  Use: Scroll            |       |     1 |       ||     1
  Eat: Chunk             |       |    13 |     8 ||    21
Armor: Animal skin       |    33 |       |       ||    33
       Chain mail        |    66 |   260 |   196 ||   522
Dodge: Dodged            |   116 |   176 |   141 ||   433
